 Dungeon Crawl Stone Soup version 0.28.0-43-g3370ac3207 (webtiles) character file.

Game seed: 7884128171761236623

29 tizbic2 the Grave Robber (level 3, 0/28 HPs)
             Began as a Ghoul Necromancer on Mar 17, 2022.
             Slain by a gnoll
             ... wielding a +0 club
              (4 damage)
             ... on level 3 of the Dungeon.
             The game lasted 00:06:20 (1633 turns).

tizbic2 the Grave Robber (Ghoul Necromancer)        Turns: 1633, Time: 00:06:21

Health: 0/28       AC:  5    Str: 13    XL:     3   Next: 16%
Magic:  2/5        EV: 10    Int: 10    God:
Gold:   76         SH:  0    Dex:  9    Spells: 2/6 levels left

rFire   + . .      SeeInvis .   c - +0 dagger
rCold   + . .      Faith    .   (no shield)
rNeg    + + +      Spirit   .   j - +0 ring mail
rPois   ∞          Reflect  .   (no helmet)
rElec   .          Harm     .   (no cloak)
rCorr   .          Rampage  .   (no gloves)
Will    .....                   (no boots)
Stlth   +.........              (no amulet)
HPRegen 0.00/turn               f - ring of protection from fire
MPRegen 0.09/turn               (no ring)

@: inhibited regen
A: claws 1, cold resistance 1, negative energy resistance 3, inhibited
regeneration, torment resistance 2
a: no special abilities


You were on level 3 of the Dungeon.
You visited 1 branch of the dungeon, and saw 3 of its levels.

You collected 76 gold pieces.

Inventory:

Hand Weapons
 c - a +0 dagger (weapon)
Missiles
 g - 43 stones (quivered)
 i - 6 silver boomerangs
Armour
 a - a +0 robe
 j - a +0 ring mail (worn)
Jewellery
 f - a ring of protection from fire (left claw)
Scrolls
 b - a scroll of identify {unknown}
 e - a scroll of immolation {unknown}
Potions
 d - 2 potions of lignification {unknown}
 h - a potion of haste {unknown}


   Skills:
 + Level 1.1 Fighting
 - Level 0.4 Armour
 - Level 1.7 Dodging
 - Level 2.4 Stealth
 + Level 2.2 Spellcasting
 + Level 4.3 Necromancy


You had 2 spell levels left.
You knew the following spells:

 Your Spells              Type           Power      Damage    Failure   Level
a - Pain                  Necr           36%        1d5       11%         1
b - Vampiric Draining     Necr           9%         2d6       32%         3

Your spell library contained the following spells:

 Spells                   Type           Power      Damage    Failure   Level
 Animate Skeleton         Necr           18%        N/A       11%         1
 Animate Dead             Necr           4%         N/A       73%         4
 Inner Flame              Hex/Fire       1%         N/A       89%         3
 Agony                    Necr           9%         N/A       97%         5
 Cause Fear               Hex            0%         N/A       100%        4
 Discord                  Hex            0%         N/A       100%        8


Dungeon Overview and Level Annotations

Branches:
Dungeon (3/15)

Altars:

Annotations:
D:2 Sigmund


Innate Abilities, Weirdness & Mutations

You thrive by killing the living.
You are immune to poison.
You have sharp fingernails.
Your flesh is cold resistant. (rC+)
You are immune to negative energy. (rN+++)
You do not regenerate when monsters are visible.
You are immune to unholy pain and torment.


Message History

* * * LOW HITPOINT WARNING * * *
Sigmund screams, "I am the angel of ZOT!!!"
There is a stone staircase leading down here.
You climb downwards.
The kobold shouts!
You hear a shout! x2
Found a stone staircase leading up.
There is a stone staircase leading up here.
A gnoll comes into view. It is wielding a +0 whip.
A gnoll comes into view. It is wielding a +0 halberd.
The kobold throws a poisoned dart.
The poisoned dart barely misses you.
The kobold throws a poisoned dart.
The poisoned dart hits you!
The gnoll shouts!
The kobold throws a poisoned dart.
The poisoned dart barely misses you.
A gnoll comes into view. It is wielding a +0 spear.
A gnoll comes into view. It is wielding a +0 club.
Found a scroll labelled APUIDU QISTA.
The gnoll shouts!
The kobold throws a poisoned dart.
The poisoned dart completely misses you.
The kobold throws a poisoned dart.
The poisoned dart hits you.
Casting: Pain (safe; 11% risk of failure)
Confirm with . or Enter, or press ? or * to list all spells.
The spell is extremely dangerous to miscast (32% risk of failure)!
Continue anyway?
Okay, then.
Casting: Vampiric Draining (extremely dangerous; 32% risk of failure)
Confirm with . or Enter, or press ? or * to list all spells.
The spell is extremely dangerous to miscast (32% risk of failure)!
Continue anyway?
Aiming: Vampiric Draining (extremely dangerous; 32% risk of failure)
Press: ? - help, Shift-Dir - straight line, f - kobold
Aim: a kobold, wielding a +0 short sword and quivering poisoned darts You draw life force from the kobold!
You kill the kobold!
You feel life coursing into your body. The gnoll barely misses you.
The gnoll hits you with a +0 halberd.
* * * LOW HITPOINT WARNING * * *
You hit the gnoll but do no damage. The gnoll hits you with a +0 halberd.
* * * LOW HITPOINT WARNING * * *
You closely miss the gnoll. The gnoll closely misses you.
The gnoll hits you with a +0 club.
You die...

..........#
<.g.......#
#......g....<..#
#......#######.#
##.g... #.# #..g.g.
#K# #...... #.#
#.....? ####.#####
##.....####@.......#
..........g)g......#
###########........#
###.###### #.# #.#
#.. ##.


You could see 2 gnolls.

Vanquished Creatures
  A dart slug (D:2)
  2 endoplasms (D:2)
  A giant cockroach (D:2)
  4 hobgoblins
  3 kobolds
  3 quokkas
  5 ball pythons
  2 bats (D:1)
  3 rats
24 creatures vanquished.

Notes
Turn   | Place    | Note
-------+----------+-------------------------------------------
     0 | D:1      | tizbic2 the Ghoul Necromancer began the quest for the Orb.
     0 | D:1      | Reached XP level 1. HP: 14/14 MP: 2/2
   660 | D:1      | Reached XP level 2. HP: 17/20 MP: 3/3
  1301 | D:2      | Reached skill level 1 in Fighting
  1324 | D:2      | Reached XP level 3. HP: 19/28 MP: 5/5
  1578 | D:2      | Learned a level 3 spell: Vampiric Draining
  1589 | D:2      | Noticed Sigmund
  1633 | D:3      | Slain by a gnoll

Illustrated notes

Levels and vault maps discovered:
D:1:      nicolae_arrival_memento_mori, layout_basic,
          shapermc_ecumenical_altar_acropolis, minivault_24, minivault_24
D:2:      layout_rooms, hangedman_abyss_or_decor_lesser_grid, st_stairs_4,
          hangedman_decor_opposing, uniq_sigmund
D:3:      layout_rooms, gammafunk_ghost_stat_death, hangedman_glass_teeth

Skill      XL: |  1  2 |
---------------+-------+-----
Spellcasting   | 2 |  2.2
Fighting       | 1 |  1.1
Armour         | |  0.4
Dodging        | |  1.7
Stealth        | |  2.4
Necromancy     | |  4.3

Action                   || total
-------------------------++-------
Melee: Dagger            ||    75
       Whip              ||     4
       Punch             ||     1
Throw: Stone             ||    11
 Cast: Pain              ||    15
       Vampiric Draining ||     1
  Use: Scroll            ||     1
 Stab: Sleeping          ||     2
Armor: Robe              ||    20
Dodge: Dodged            ||    65
